 Dungeon Crawl Stone Soup version 0.27-a0-550-ge92ec0ca06 (webtiles) character file.

Game seed: 7919678709657478148

13247 gruber the Severer (level 11, -3/102 HPs)
             Began as a Minotaur Warper on Mar 7, 2021.
             Was an Initiate of Gozag.
             Slain by a six-headed hydra (16 damage)
             ... on level 12 of the Dungeon.
             The game lasted 00:15:16 (12656 turns).

gruber the Severer (Minotaur Warper)               Turns: 12656, Time: 00:15:16

Health: -3/102     AC: 10    Str: 30    XL:     11   Next: 73%
Magic:  12/12      EV: 15    Int: 10    God:    Gozag
Gold:   1127       SH:  0    Dex: 11    Spells: 10/12 levels left

rFire    . . .     SeeInvis .   M - +0 battleaxe (flame)
rCold    . . .     Faith    .   (shield currently unavailable)
rNeg     . . .     Spirit   .   y - +1 leather armour {rPois}
rPois    +         Reflect  .   J - +2 hat
rElec    .         Harm     .   h - +1 cloak
rCorr    .         Rampage  .   (no gloves)
Will     .....                  z - +0 pair of boots
Stlth    +.........             r - amulet of regeneration
HPRegen  1.27/turn              v - +6 ring of strength
MPRegen  0.13/turn              L - +6 ring of strength

@: gold aura, studying Fire Magic
A: horns 2, retaliatory headbutt
a: Renounce Religion, Potion Petition, Call Merchant, Bribe Branch


You were on level 12 of the Dungeon.
You worshipped Gozag.
Gozag was most pleased with you.
You visited 2 branches of the dungeon, and saw 13 of its levels.
You also visited: Ossuary.

You collected 1782 gold pieces.
You spent 130 gold pieces at shops.
You paid 525 gold pieces to Gozag.

Inventory:

Hand Weapons
 M - a +0 battleaxe of flaming (weapon)
 Q - the +7 hunting sling of Ylot {vorpal, rN+ Str+2 Int-4}
   (You found it on level 11 of the Dungeon)

   Any stone fired from it inflicts extra damage.
   It affects your strength (+2).
   It affects your intelligence (-4).
   It protects you from negative energy.
Missiles
 e - 5 boomerangs of dispersal
 D - 20 poisoned darts (quivered)
 R - 146 sling bullets
 T - 327 stones
Armour
 h - a +1 cloak (worn)
 y - a +1 leather armour of poison resistance (worn)
 z - a +0 pair of boots (worn)
 J - a +2 hat (worn)
Jewellery
 d - a ring of ice
 r - an amulet of regeneration (around neck)
 v - a +6 ring of strength (left hand)
 I - a ring of fire
 L - a +6 ring of strength (right hand)
Wands
 N - a wand of polymorph (7)
Scrolls
 f - 4 scrolls of enchant armour
 i - 13 scrolls of identify {unknown}
 j - 3 scrolls of noise {unknown}
 k - 2 scrolls of immolation {unknown}
 l - 5 scrolls of amnesia {unknown}
 o - 13 scrolls of teleportation {unknown}
 t - a scroll of enchant weapon {unknown}
 w - 2 scrolls of magic mapping {unknown}
 C - a scroll of holy word {unknown}
 K - 2 scrolls of brand weapon {unknown}
 O - a scroll of summoning {unknown}
 P - a scroll of silence {unknown}
Potions
 a - 3 potions of flight {unknown}
 b - 4 potions of mutation {unknown}
 c - 12 potions of curing
 g - 4 potions of haste {unknown}
 m - 5 potions of attraction {unknown}
 n - a potion of cancellation {unknown}
 p - a potion of berserk rage {unknown}
 q - 4 potions of magic {unknown}
 s - a potion of lignification {unknown}
 u - 4 potions of heal wounds {unknown}
 x - a potion of resistance {unknown}
 F - 2 potions of brilliance {unknown}
 G - 2 potions of invisibility {unknown}
 H - a potion of ambrosia {unknown}
 S - a potion of might {unknown}


   Skills:
 - Level 11.0 Fighting
 - Level 15.1 Axes
 * Level 3.0(3.2) Slings
 - Level 1.0(2.0) Throwing
 - Level 7.1 Armour
 - Level 9.0 Dodging
 - Level 1.3 Spellcasting
 - Level 2.1 Translocations


You had 10 spell levels left.
You knew the following spells:

 Your Spells              Type           Power      Damage    Failure   Level
a - Blink                 Tloc           N/A        N/A       22%         2

Your spell library contained the following spells:

 Spells                   Type           Power      Damage    Failure   Level
 Apportation              Tloc           10%        N/A       16%         1
 Animate Skeleton         Necr           0%         N/A       36%         1
 Corona                   Hex            0%         N/A       36%         1
 Sting                    Tmut/Pois      0%         1d3       36%         1
 Summon Small Mammal      Summ           0%         N/A       36%         1
 Gell's Gravitas          Tloc           2%         N/A       41%         3
 Lesser Beckoning         Tloc           2%         N/A       41%         3
 Teleport Other           Tloc           5%         N/A       41%         3
 Poisonous Vapours        Pois/Air       0%         N/A       50%         2
 Ignite Poison            Fire/Tmut/Pois 0%         N/A       73%         3
 Mephitic Cloud           Conj/Pois/Air  0%         N/A       73%         3
 Manifold Assault         Tloc           5%         N/A       83%         4
 Olgreb's Toxic Radiance  Pois           0%         N/A       98%         4


Dungeon Overview and Level Annotations

Branches:
Dungeon (12/15)            Temple (1/1) D:7            Lair (0/6) D:10
    Orc (0/2) D:11        Ossuary (visited)

Altars:
Ashenzari
Cheibriados
Dithmenos
Elyvilon
Fedhas
Gozag
Hepliaklqana
Kikubaaqudgha
Makhleb
Nemelex Xobeh
Okawaru
Qazlal
Ru
Sif Muna
Trog
Uskayaw
Vehumet
Wu Jian
Xom
Yredelemnul
Zin
The Shining One

Shops:
D:12 [(


Innate Abilities, Weirdness & Mutations

You have a pair of horns on your head.
You reflexively headbutt those who attack you in melee.


Message History

You are too injured to fight recklessly!
Unknown command.
You are too injured to fight recklessly!
Unknown command.
You are too injured to fight recklessly!
Unknown command.
Unknown command.
You barely miss the seven-headed hydra.
The seven-headed hydra is severely wounded.
The seven-headed hydra bites you but does no damage.
The seven-headed hydra barely misses you.
The seven-headed hydra bites you but does no damage. x3
The seven-headed hydra bites you!
* * * LOW HITPOINT WARNING * * *
The seven-headed hydra barely misses you.
Unknown command.
Unknown command.
You barely miss the seven-headed hydra.
The seven-headed hydra is severely wounded.
The seven-headed hydra bites you.
* * * LOW HITPOINT WARNING * * *
The seven-headed hydra bites you!
* * * LOW HITPOINT WARNING * * *
The seven-headed hydra closely misses you. x2
The seven-headed hydra bites you.
* * * LOW HITPOINT WARNING * * *
The seven-headed hydra bites you but does no damage.
The seven-headed hydra bites you.
* * * LOW HITPOINT WARNING * * *
The centaur wields a +0 shortbow.
The centaur shoots an arrow.
The arrow barely misses you.
You hack one of the seven-headed hydra's heads off!
The flame cauterises the wound!
You slash the six-headed hydra! You burn the six-headed hydra.
The six-headed hydra is almost dead.
The six-headed hydra barely misses you.
The six-headed hydra closely misses you.
The six-headed hydra bites you!
You die...
Your body crumbles into a pile of gold.

#(# .# .(# #.# . ..
..... #.# .. ..
.>... #.# .. .#
#.#(###.###.# .#
#..(...[c.. .#
#..(#..D## .# .
#.$.@..# <# ..
#.$..#.# )# ...
#...#....# .# )#
.... #..#
##...####.#
>##...## #.
#........# ........
#.######.......#
.##...#.
.............#..
..#
..##...######.....#
#.##....... #.....#


You could see a six-headed hydra and a centaur.

Vanquished Creatures
  Harold (D:9)
  A two-headed ogre (D:11)
  An unseen horror (D:10)
  Pikel (D:5)
  2 ugly things
  2 guardian serpents (D:11)
  2 gargoyles
  A komodo dragon (D:10)
  A kobold demonologist (D:12)
  Grinder (D:4)
  Prince Ribbit (D:9)
  Sigmund (D:5)
  9 yaks
  4 vampire mosquitoes (D:9)
  5 water moccasins
  2 ice beasts
  3 sky beasts
  4 black bears
  A necrophage (D:11)
  6 orc warriors
  3 centaurs
  4 ogres
  3 lemures (D:5)
  4 elf zombies (Ossuary)
  A kobold brigand (D:7)
  4 phantoms
  12 bullfrogs
  A wyvern zombie (D:7)
  A scorpion (D:7)
  3 wights (D:8)
  6 killer bees
  An electric eel (D:9)
  3 howler monkeys
  2 quasits (D:9)
  2 jellies
  6 orc priests
  3 bullfrog skeletons
  5 hounds
  3 iguanas
  8 orc wizards
  5 worker ants
  2 hound zombies (Ossuary)
  4 mummies
  2 worker ant zombies
  A howler monkey zombie (D:6)
  11 adders
  A howler monkey skeleton (D:6)
  A shadow imp (D:10)
  A white imp (D:5)
  3 ufetubi
  3 oozes
  2 worms
  An adder skeleton (D:9)
  3 adder zombies (Ossuary)
  4 dart slugs
  7 leopard geckos
  47 orcs
  A ball python (D:2)
  2 giant cockroaches (D:2)
  2 gnoll zombies (Ossuary)
  12 goblins
  8 hobgoblins
  6 jackals
  2 quokkas (D:6)
  18 bats
  8 frilled lizards
  6 goblin zombies (Ossuary)
  9 hobgoblin zombies
  3 jackal zombies (Ossuary)
  10 kobolds
  2 kobold zombies
  A leopard gecko skeleton (D:4)
  2 orc zombies
  6 quokka zombies (Ossuary)
  13 rats
  2 rat zombies (Ossuary)
335 creatures vanquished.

Vanquished Creatures (others)
  An adder (D:11)
  40 fungi (D:10)
  55 plants (D:10)
96 creatures vanquished.

Grand Total: 431 creatures vanquished

Notes
Turn   | Place    | Note
-------+----------+-------------------------------------------
     0 | D:1      | gruber the Minotaur Warper began the quest for the Orb.
     0 | D:1      | Reached XP level 1. HP: 18/18 MP: 1/1
   311 | D:1      | Reached XP level 2. HP: 26/26 MP: 3/3
   647 | D:1      | Reached XP level 3. HP: 32/33 MP: 4/4
  1279 | D:2      | Reached skill level 5 in Fighting
  1323 | D:2      | Reached XP level 4. HP: 42/42 MP: 5/5
  1858 | D:2      | Reached XP level 5. HP: 47/50 MP: 6/6
  1886 | D:2      | Learned a level 2 spell: Blink
  2877 | D:4      | Noticed Grinder
  2900 | D:4      | Killed Grinder
  2901 | D:4      | Reached skill level 5 in Armour
  2901 | D:4      | Reached XP level 6. HP: 33/57 MP: 7/7
  2980 | D:4      | Reached XP level 7. HP: 63/63 MP: 8/8
  3564 | D:5      | Entered Level 5 of the Dungeon
  3978 | D:5      | Noticed Sigmund
  4001 | D:5      | Killed Sigmund
  4002 | D:5      | Reached skill level 5 in Dodging
  4494 | D:5      | Noticed Pikel
  4516 | D:5      | Killed Pikel
  4517 | D:5      | Reached XP level 8. HP: 61/70 MP: 9/9
  4768 | D:6      | Found a sand-covered staircase.
  4773 | Ossuary  | Entered an ossuary
  5083 | Ossuary  | Reached skill level 3 in Axes
  5249 | D:6      | Reached skill level 4 in Axes
  5285 | D:6      | Reached skill level 5 in Axes
  5381 | D:6      | Reached XP level 9. HP: 75/75 MP: 10/10
  5494 | D:6      | Reached skill level 6 in Axes
  5703 | D:6      | Reached skill level 7 in Axes
  6263 | D:7      | Reached skill level 8 in Axes
  6433 | D:7      | Noticed a brown ugly thing
  6522 | D:7      | Found a staircase to the Ecumenical Temple.
  6527 | D:7      | Reached skill level 9 in Axes
  6582 | Temple   | Entered the Ecumenical Temple
  6641 | Temple   | Became a worshipper of Gozag Ym Sagoz the Greedy
  6849 | D:7      | Killed a brown ugly thing
  6850 | D:7      | Reached skill level 10 in Axes
  7456 | D:8      | Reached skill level 11 in Axes
  7574 | D:8      | Reached XP level 10. HP: 83/83 MP: 11/11
  7756 | D:8      | Found a blossoming altar of Fedhas.
  7766 | D:8      | Found a broken altar of Ashenzari.
  8190 | D:8      | Found an ornate altar of the Wu Jian Council.
  8334 | D:9      | Noticed a gargoyle
  8362 | D:9      | Killed a gargoyle
  8363 | D:9      | Reached skill level 12 in Axes
  8555 | D:9      | Found a blossoming altar of Fedhas.
  8557 | D:9      | Found a sacrificial altar of Ru.
  8591 | D:9      | Noticed Prince Ribbit
  8593 | D:9      | Noticed Harold
  8613 | D:9      | HP: 1/84 [Harold/+0 battleaxe of flaming (4)]
  8614 | D:9      | Killed Prince Ribbit
  8616 | D:9      | Killed Harold
  8815 | D:9      | You fall into a shaft and drop 2 floors!
  8817 | D:11     | Noticed a two-headed ogre
  8828 | D:11     | Killed a two-headed ogre
  8907 | D:11     | Reached skill level 10 in Fighting
  8908 | D:10     | Entered Level 10 of the Dungeon
  9042 | D:9      | Found a shadowy altar of Dithmenos.
  9298 | D:9      | Found a basalt altar of Yredelemnul.
  9298 | D:9      | Found a broken altar of Ashenzari.
  9298 | D:9      | Found a shimmering blue altar of Sif Muna.
  9299 | D:9      | Found a sparkling altar of Nemelex Xobeh.
  9300 | D:9      | Found a shimmering altar of Xom.
  9301 | D:9      | Found a hazy altar of Hepliaklqana.
  9554 | D:10     | Reached XP level 11. HP: 83/102 MP: 12/12
  9690 | D:10     | Killed an unseen horror
  9691 | D:10     | Reached skill level 13 in Axes
  9798 | D:10     | Reached skill level 14 in Axes
  9856 | D:10     | Found a staircase to the Lair.
 10154 | D:11     | Found a white marble altar of Elyvilon.
 10160 | D:11     | Noticed a purple ugly thing
 10168 | D:11     | Killed a purple ugly thing
 10243 | D:11     | Found a staircase to the Orcish Mines.
 10560 | D:11     | Identified the +7 hunting sling of Ylot {vorpal, rN+ Str+2
                  | Int-4}
 12393 | D:12     | Reached skill level 15 in Axes
 12507 | D:12     | Reached skill level 1 in Slings
 12553 | D:12     | Found Witrauf's Antique Armour Shoppe.
 12558 | D:12     | Bought a pair of boots for 130 gold pieces
 12599 | D:12     | Found Feublud's Weapon Shop.
 12646 | D:12     | Noticed an eight-headed hydra
 12656 | D:12     | Slain by a six-headed hydra

Illustrated notes

Levels and vault maps discovered:
D:1:      nagdon_arrival_zigzag_paths, layout_basic
D:2:      layout_basic, minmay_joined_circles
D:3:      layout_loops_ring
D:4:      layout_loops_ring, minmay_mini_ossuary, uniq_grinder
D:5:      layout_basic, uniq_sigmund, uniq_pikel
D:6:      minmay_skewed_foursquare, layout_loops_corners, enter_ossuary_2,
          nrook_campfire, minmay_misc_feat_alley
D:7:      layout_basic, temple_fountains, minmay_manual_maat
D:8:      layout_loops_ring, nicolae_wu_jian_immortal_techniques, basic_altar,
          cheibrodos_ashenzari_chains
D:9:      layout_big_octagon, minitemple, basic_altar, uniq_prince_ribbit1,
          uniq_harold
D:10:     layout_cave_pools, due_lair_maze_entry_diamond
D:11:     nrook_guardian_serpent_snake_passage, layout_rooms, david_orc_4,
          basic_altar
D:12:     layout_rooms, serial_shops, shop_statue, kennysheep_little_box, shop,
          shop, shop_fountains
Temple:   dshaligram_water_room_temple

Skill      XL: |  1  2  3  4  5  6  7  8  9 10 11 |
---------------+----------------------------------+-----
Fighting       | 3 4 5 6 11 | 11.0
Armour         | 5 6 7 |  7.1
Dodging        | 7 9 |  9.0
Axes           | 5 11 12 15 | 15.1
Slings         | 3 |  3.0
Throwing       | |  1.0
Spellcasting   | |  1.3
Translocations | |  2.1

Action                   |  1- 3 |  4- 6 |  7- 9 | 10-12 || total
-------------------------+-------+-------+-------+-------++-------
Melee: Hand axe          |    10 |       |       |       ||    10
       Short sword       |    91 |   185 |   135 |       ||   411
       Headbutt          |    10 |    27 |   113 |    66 ||   216
       Whip              |       |       |   254 |       ||   254
       Trident           |       |       |    63 |     3 ||    66
       War axe           |       |       |    46 |    74 ||   120
       Battleaxe         |       |       |       |   201 ||   201
 Fire: Hunting sling     |       |       |       |    30 ||    30
Throw: Dart              |       |       |     5 |       ||     5
Invok: Potion Petition   |       |       |       |     1 ||     1
  Use: Scroll            |       |       |     2 |       ||     2
 Stab: Distracted        |       |       |       |     4 ||     4
Armor: Leather armour    |    20 |       |   118 |   115 ||   253
       Ring mail         |       |    56 |       |       ||    56
Dodge: Dodged            |    54 |    77 |   262 |   216 ||   609

Table legend: (Time is in decaauts)
 A = Elapsed time spent in this place.
 B = Non-inter-level travel time spent in this place.
 C = Inter-level travel time spent in this place.
 D = Time resting spent in this place.
 E = Time spent auto-exploring this place.
 F = Levels seen in this place.
 G = Mean time per level.
                   A        B        C        D        E       F      G
               +--------+--------+--------+--------+--------+-----+--------+
         Total |  12549 |  11097 |   1452 |     82 |   8903 |  14 |  896.4 |
       Dungeon |  12042 |  10614 |   1428 |     82 |   8662 |  12 | 1003.5 |
        Temple |    134 |    111 |     23 |      0 |    104 |   1 |  134.0 |
       Ossuary |    372 |    372 |      0 |      0 |    137 |   1 |  372.0 |
               +--------+--------+--------+--------+--------+-----+--------+

Top non-repeatable levels by time:
     D:2: 1412 daAuts
     D:7: 1265 daAuts
     D:5: 1221 daAuts
     D:6: 1196 daAuts
     D:8: 1150 daAuts
     D:9: 1146 daAuts
     D:1: 938 daAuts
     D:4: 916 daAuts
    D:10: 902 daAuts
    D:11: 878 daAuts
     D:3: 797 daAuts
 Ossuary: 372 daAuts
    D:12: 216 daAuts
  Temple: 134 daAuts
